 Dungeon Crawl Stone Soup version 0.28-a0-851-g8b9cc49659 (webtiles) character file.

Game seed: 3918350170753861154

6794 blank1 the Fighter (level 11, -4/85 HPs)
             Began as a Djinni Fire Elementalist on Nov 14, 2021.
             Was an Initiate of Makhleb.
             Slain by a freezing wraith (21 damage)
             ... on level 9 of the Dungeon.
             The game lasted 00:46:13 (14082 turns).

blank1 the Fighter (Djinni Fire Elementalist)      Turns: 14082, Time: 00:46:13

Health: -4/85      AC:  9    Str: 12    XL:     11   Next: 25%
Gold:   265        EV: 16    Int: 17    God:    Makhleb [......] SH:  0 Dex: 17

rFire   + + .      SeeInvis .   d - +1 dagger (drain)
rCold   . . .      Faith    .   (no shield)
rNeg    . . .      Spirit   +   a - +0 robe
rPois   ∞          Reflect  .   j - +0 helmet
rElec   +          Harm     .   u - +0 cloak
rCorr   .          Rampage  .   y - +0 pair of gloves
Will    +....                   (boots unavailable)
Stlth   ++........              v - amulet of Kuethrec {Spirit rElec Str+5}
HPRegen 0.24/turn               E - +4 ring of protection
MPRegen 0.00/turn               C - ring of protection from cold

@: flying
A: sickness immunity, fire resistance 2, cold vulnerability 1, float, innate
caster, hp casting, extra vitality 1
a: Renounce Religion


You were on level 9 of the Dungeon.
You worshipped Makhleb.
Makhleb was noncommittal.
You visited 2 branches of the dungeon, and saw 10 of its levels.

You collected 405 gold pieces.
You spent 140 gold pieces at shops.

Inventory:

Hand Weapons
 b - a +0 dagger of holy wrath
 d - a +1 dagger of draining (weapon)
 t - a +4 quarterstaff of chaos
Armour
 a - a +0 robe (worn)
 j - a +0 helmet (worn)
 u - a +0 cloak (worn)
 y - a +0 pair of gloves (worn)
Jewellery
 v - the amulet of Kuethrec (around neck) {Spirit rElec Str+5}
   (You found it on level 5 of the Dungeon)

   [amulet of guardian spirit]

   It causes incoming damage to be divided between your reserves of health and
   magic.
   Str:       It affects your strength (+5).
   rElec:     It insulates you from electricity.
 C - a ring of protection from cold (right hand)
 E - a +4 ring of protection (left hand)
Wands
 l - a wand of charming (5)
 z - a wand of acid (17)
Scrolls
 e - a scroll of silence {unknown}
 h - a scroll of magic mapping
 k - 4 scrolls of fog {unknown}
 m - 2 scrolls of blinking
 n - a scroll of immolation {unknown}
 s - a scroll of enchant armour {unknown}
 A - a scroll of teleportation
 D - a scroll of identify
Potions
 c - 2 potions of invisibility
 f - 4 potions of ambrosia
 g - a potion of cancellation {unknown}
 i - a potion of might {unknown}
 o - a potion of degeneration {unknown}
 p - 2 potions of lignification {unknown}
 q - a potion of brilliance {unknown}
 r - 2 potions of heal wounds
 w - 3 potions of curing {unknown}
 x - a potion of magic {unknown}
 B - a potion of mutation {unknown}


   Skills:
 - Level 10.0 Fighting
 - Level 3.0 Armour
 + Level 7.6 Dodging
 - Level 3.0 Stealth
 - Level 8.0 Spellcasting
 - Level 3.0 Invocations
 - Level 2.0 Evocations


You couldn't memorise any spells.
You knew the following spells:

 Your Spells              Type           Power      Damage    Failure   Level
a - Foxfire               Conj/Fire      100%       2x1d9     1%          1
b - Scorch                Fire           68%        2d8       1%          2
c - Conjure Flame         Conj/Fire      34%        6-21      1%          3
d - Inner Flame           Hex/Fire       34%        N/A       1%          3
e - Flame Wave            Conj/Fire      34%        3d7       3%          4
f - Summon Small Mammal   Summ           100%       N/A       1%          1
g - Corpse Rot            Necr/Air       68%        N/A       1%          2
h - Tukima's Dance        Hex            34%        N/A       1%          3
i - Cause Fear            Hex            17%        N/A       3%          4
j - Blade Hands           Tmut           17%        N/A       11%         5
Your spell library was empty.

Dungeon Overview and Level Annotations

Branches:
Dungeon (9/15)             Temple (1/1) D:6            Lair (0/6) D:8
    Orc: D:9-12

Altars:
Ashenzari
Cheibriados
Dithmenos
Elyvilon
Fedhas
Gozag
Hepliaklqana
Kikubaaqudgha
Makhleb
Nemelex Xobeh
Okawaru
Qazlal
Ru
Sif Muna
Trog
Uskayaw
Vehumet
Wu Jian
Xom
Yredelemnul
Zin
The Shining One

Shops:
D:8 *

Annotations:
D:9 1 runed translucent door


Innate Abilities, Weirdness & Mutations

You are immune to sickness and miasma.
You are immune to poison.
Your flesh is very heat resistant. (rF++)
You are vulnerable to cold. (rC-)
You float through the air rather than walking.
You learn spells naturally, not from books.
Your magical power is your life essence.
You have superior vitality. (+4 HP)


Message History

You finish channelling waves of flame.
You hear a shout!
You hear an angry buzzing noise.
The freezing wraith hits you. The freezing wraith freezes you!
The freezing wraith misses you.
Casting: Flame Wave (dangerous; 3% risk of failure)
Confirm with . or Enter, or press ? or * to list all spells.
Casting: Flame Wave (dangerous; 3% risk of failure)
Press: ? - help, Dir - look around, f - activate A wave of flame ripples out!
The flame wave engulfs the freezing wraith!
The freezing wraith is burned terribly!
The freezing wraith is moderately damaged. (Press . to intensify the flame waves.)
The freezing wraith hits you! The freezing wraith freezes you!
* * * LOW HITPOINT WARNING * * *
The freezing wraith closely misses you.
A wave of flame ripples out!
The flame wave engulfs the freezing wraith but does no damage.
The freezing wraith is moderately damaged.
The flame wave engulfs the yak!
You kill the yak!
Makhleb accepts your kill.
The flame wave engulfs the kobold brigand.
You kill the kobold brigand!
Makhleb accepts your kill.
The flame wave engulfs the yak!
The yak is severely wounded.
* * * LOW HITPOINT WARNING * * *
The freezing wraith closely misses you. The freezing wraith barely misses you.
A wave of flame ripples out!
The flame wave engulfs the freezing wraith but does no damage.
The freezing wraith is moderately damaged.
The flame wave engulfs the yak!!
You kill the yak!
Makhleb accepts your kill.
* * * LOW HITPOINT WARNING * * *
You finish channelling waves of flame.
The freezing wraith hits you.
* * * LOW HITPOINT WARNING * * *
The freezing wraith freezes you!!
You die...

........)## ........## ...
........# .... ........# #....
#### #.......# #.... ##..# ##
##......# #...#####...# #.
######.# )).##.......###. #.#
##W†##........##<. #.### #@#
###..###....# #...# #.# #.##
#.#### ###.# ##.# ##.####.#
#.## #..# #..##...#
#########.(####.######.###)###
....................[.......##
.##.....#####.####..####.....##
.........## #.<##........###..#
(.........####...>.####### ##.#


You could see a freezing wraith.

Vanquished Creatures
  Erolcha (D:9)
  A deep elf pyromancer (D:9)
  A hornet (D:9)
  Grinder (D:5)
  A slime creature (D:9)
  5 yaks
  Eustachio (D:5)
  A steam dragon (D:8)
  An acid dragon (D:9)
  2 water moccasins
  5 orc warriors
  2 ice beasts
  A sky beast (D:6)
  2 necrophages
  2 ogres (D:6)
  3 centaurs
  2 phantoms
  5 bullfrogs
  2 kobold brigands
  A wyvern zombie (D:7)
  2 scorpions
  A water moccasin zombie (D:7)
  8 killer bees
  6 wights
  3 howler monkeys (D:9)
  A centaur zombie (D:7)
  3 jellies
  Crazy Yiuf (D:4)
  A centaur skeleton (D:7)
  2 bullfrog skeletons
  5 orc priests
  3 hounds
  Ijyb (D:3)
  Jessica (D:3)
  Terence (D:2)
  A scorpion zombie (D:5)
  4 iguanas
  7 orc wizards
  3 killer bee zombies
  2 howler monkey zombies
  Robin (D:2)
  7 adders
  A shadow imp (D:7)
  An ufetubus (D:5)
  An adder skeleton (D:4)
  A worm (D:2)
  2 dart slugs
  18 orcs
  3 bats
  4 endoplasms
  2 giant cockroaches
  10 hobgoblins
  7 quokkas
  5 ball pythons
  8 frilled lizards
  13 goblins
  17 kobolds
  3 rats
200 creatures vanquished.

Vanquished Creatures (collateral kills)
  A centaur (D:9)
1 creature vanquished.

Vanquished Creatures (others)
  A dancing weapon (D:9)
  A centaur zombie (D:9)
  398 foxfires
400 creatures vanquished.

Grand Total: 601 creatures vanquished

Notes
Turn   | Place    | Note
-------+----------+-------------------------------------------
     0 | D:1      | blank1 the Djinni Fire Elementalist began the quest for the
                  | Orb.
     0 | D:1      | Reached XP level 1. HP: 15/15 MP: 0/0
   325 | D:1      | Reached XP level 2. HP: 3/22 MP: 0/0
   869 | D:1      | You are sucked into a shaft and drop 1 floor!
   869 | D:2      | Noticed Robin
  1279 | D:1      | Reached skill level 1 in Fighting
  1279 | D:1      | Reached XP level 3. HP: 17/27 MP: 0/0
  1279 | D:1      | Learned a level 1 spell: Summon Small Mammal
  2181 | D:2      | Killed Robin
  2182 | D:2      | Reached XP level 4. HP: 25/32 MP: 0/0
  2470 | D:2      | Noticed Terence
  2479 | D:2      | Killed Terence
  2480 | D:2      | Reached skill level 2 in Fighting
  2763 | D:2      | Reached skill level 1 in Armour
  2763 | D:2      | Reached XP level 5. HP: 36/39 MP: 0/0
  2763 | D:2      | Learned a level 2 spell: Corpse Rot
  3303 | D:3      | Reached skill level 3 in Fighting
  3598 | D:3      | Noticed Ijyb
  3620 | D:3      | Killed Ijyb
  3621 | D:3      | Reached XP level 6. HP: 12/46 MP: 0/0
  3970 | D:3      | Noticed Jessica
  3980 | D:3      | Killed Jessica
  4124 | D:3      | Reached skill level 4 in Fighting
  4418 | D:3      | Reached XP level 7. HP: 39/53 MP: 0/0
  4418 | D:3      | Learned a level 3 spell: Tukima's Dance
  4541 | D:4      | Reached skill level 5 in Fighting
  5228 | D:4      | Found a runed translucent door.
  5229 | D:4      | Noticed Crazy Yiuf
  5629 | D:4      | Killed Crazy Yiuf
  5801 | D:5      | Entered Level 5 of the Dungeon
  6014 | D:5      | Found a stormy altar of Qazlal.
  6087 | D:5      | Noticed Grinder
  6270 | D:5      | Found an iron altar of Okawaru.
  6283 | D:5      | Reached XP level 8. HP: 43/60 MP: 0/0
  6388 | D:5      | Identified the amulet of Kuethrec {Spirit rElec Str+5}
  6726 | D:5      | Reached skill level 5 in Dodging
  6802 | D:5      | Killed Grinder
  6803 | D:5      | Reached skill level 6 in Fighting
  6949 | D:5      | Reached skill level 5 in Spellcasting
  7167 | D:5      | Noticed Eustachio
  7178 | D:5      | Killed Eustachio
  7312 | D:6      | Found a hide-covered altar of Uskayaw.
  7564 | D:6      | Reached XP level 9. HP: 36/67 MP: 0/0
  7564 | D:6      | Learned a level 4 spell: Cause Fear
  7650 | D:6      | Reached skill level 7 in Fighting
  8435 | D:6      | Found a staircase to the Ecumenical Temple.
  8444 | Temple   | Entered the Ecumenical Temple
 10273 | D:7      | Reached XP level 10. HP: 55/76 MP: 0/0
 10616 | D:8      | Reached skill level 8 in Fighting
 10755 | D:8      | Found Ogohacs's Assorted Antiques.
 10807 | D:8      | Found a staircase to the Lair.
 12431 | D:8      | Reached skill level 9 in Fighting
 12888 | D:9      | Noticed Erolcha
 12900 | D:9      | Killed Erolcha
 12952 | D:9      | Found a burning altar of Makhleb.
 12952 | D:9      | Noticed a blizzard demon
 12957 | D:9      | Became a worshipper of Makhleb the Destroyer
 13205 | D:9      | Reached skill level 1 in Invocations
 13340 | D:9      | Found a runed translucent door.
 13350 | D:9      | Noticed a deep elf pyromancer
 13360 | D:9      | Killed a deep elf pyromancer
 13361 | D:9      | Reached XP level 11. HP: 47/84 MP: 0/0
 13361 | D:9      | Learned a level 5 spell: Blade Hands
 13950 | D:8      | Bought a cabochon ring for 140 gold pieces
 14013 | D:9      | Found a runed translucent door.
 14079 | D:9      | Reached skill level 10 in Fighting
 14082 | D:9      | Slain by a freezing wraith

Illustrated notes

Levels and vault maps discovered:
D:1:      lightli_arrival_statuegarden, layout_basic, serial_curves,
          eino_curves_04, eino_curves_02, minmay_quantized
D:2:      layout_rooms, minmay_3d_cube, uniq_robin, uniq_terence
D:3:      layout_rooms, hangedman_abyss_or_decor_stabs, columned_hall_lemuel,
          minmay_misc_feat_encased, uniq_jessica, uniq_ijyb
D:4:      layout_basic, st_stairs_8, uniq_crazy_yiuf_cottage
D:5:      layout_loops_ring, mainiacjoe_overflow_surrounded_room,
          mainiacjoe_overflow_catwalk, uniq_grinder, uniq_eustachio
D:6:      layout_basic, nicolae_uskayaw_suspiria, temple_hall
D:7:      layout_cave_pools, amcnicky_mini_corridor_feature
D:8:      layout_basic, dpeg_oklobed_lair, serial_shops, nicolae_take_the_stairs
D:9:      cheibrodos_histonic, layout_rooms, makhleb_altar_promises_db,
          uniq_erolcha
Temple:   eino_narrow_crystal_temple

Skill      XL: |  1  2  3  4  5  6  7  8  9 10 11 |
---------------+----------------------------------+-----
Stealth        | 2 3 |  3.0
Fighting       | 1 2 3 4 5 6 7 9 10 | 10.0
Dodging        | 3 4 5 6 7 |  7.6
Spellcasting   | 3 4 5 6 8 |  8.0
Armour         | 1 2 3 |  3.0
Evocations     | 2 |  2.0
Invocations    | 3 |  3.0

Action                   |  1- 3 |  4- 6 |  7- 9 | 10-12 || total
-------------------------+-------+-------+-------+-------++-------
Melee: Unarmed           |     4 |       |       |       ||     4
       Dagger            |     3 |     7 |       |     3 ||    13
 Cast: Foxfire           |    43 |    43 |   111 |    37 ||   234
       Scorch            |    18 |    43 |   120 |   108 ||   289
       Conjure Flame     |     1 |     3 |     4 |     3 ||    11
       Corpse Rot        |       |     1 |       |       ||     1
       Tukima's Dance    |       |       |     6 |     4 ||    10
       Cause Fear        |       |       |     1 |     2 ||     3
       Flame Wave        |       |       |       |     5 ||     5
  Use: Scroll            |     2 |       |     2 |     3 ||     7
Armor: Robe              |     5 |     8 |    12 |     8 ||    33
Dodge: Dodged            |    25 |    11 |    48 |    39 ||   123

Table legend: (Time is in decaauts)
 A = Elapsed time spent in this place.
 B = Non-inter-level travel time spent in this place.
 C = Inter-level travel time spent in this place.
 D = Time resting spent in this place.
 E = Time spent auto-exploring this place.
 F = Levels seen in this place.
 G = Mean time per level.
                   A        B        C        D        E       F      G
               +--------+--------+--------+--------+--------+-----+--------+
         Total |  14093 |  13557 |    536 |   4199 |   7431 |  10 | 1409.3 |
       Dungeon |  13875 |  13381 |    494 |   4199 |   7269 |   9 | 1541.7 |
        Temple |    217 |    175 |     42 |      0 |    162 |   1 |  217.0 |
               +--------+--------+--------+--------+--------+-----+--------+

Top non-repeatable levels by time:
     D:6: 2275 daAuts
     D:1: 2216 daAuts
     D:8: 1851 daAuts
     D:4: 1621 daAuts
     D:7: 1386 daAuts
     D:3: 1366 daAuts
     D:9: 1117 daAuts
     D:5: 1093 daAuts
     D:2: 947 daAuts
  Temple: 217 daAuts
